Unix NetHack Version 5.0.0-0 post-release - last build May 17 2026 04:57:42 (dc50c8380fa5e20985bfe3072449f57b8d9895ef,branch:main).

Game began 2026-05-18 20:05:25, ended 2026-05-20 11:51:12.

Japes, lawful female human Valkyrie

                                                      -----       ----
                                                      |...| -------..--
                                         .            |...| |.........-----+-
                                                      --|-| --..............|
                                                       h@%----....{.....-----
                                                       |-...............-..|
                                                         --..|.........-|..|
                                                           ..|-...---.------
                                                           ..--------|---
                                                           ...|.|  |....|
                                                        --. ..|.-- |%%%%|
                                                       .......|..| ------
                                                      ...|....|..-----
                                                      ..----..|....|.----
                                                     -..|  ---|.........|--
                                                     |...     ----.....-|.--
                                                     |..|)--------.|....|..--
                                                     |..--)...[....|---.....|
                                                     --.......------  ---..<|
                                                      ---------         -----
Japes the Fighter           St:18 Dx:13 Co:18 In:7 Wi:9 Ch:9  Lawful
Dlvl:8  $:0  HP:0(66) Pw:15(15) AC:3  Xp:6/431 T:2982 

Latest messages:
 The gnome lord swings his aklys.
 The gnome lord hits!
 You kill the gnome lord!
 You learn more about your items by comparing them.
 b - 5 +0 daggers (alternate weapons; not wielded) (11 in total).
 O - an aklys.
 This door is locked.
 Unlock it with your credit card? [ynq] (q)
 You stop picking the lock.
 You hit the wererat!
 The wererat bites!
 You miss the wererat.
 The wererat bites!
 You kill the wererat!
 This door is locked.
 Unlock it with your credit card? [ynq] (q)
 You succeed in picking the lock.
 You hear someone praising Tyr.
 The door opens.
 The gnome hits!
 You hit the gnome.
 You kill the gnome!
 There is a gnome corpse here; eat it? [ynq] (n)
 This gnome corpse tastes terrible!
 You finish eating the gnome corpse.
 I - an orange (2 in total).
 The dwarf lord thrusts his dagger.
 The dwarf lord hits!
 The dwarf lord thrusts his dagger.
 The dwarf lord hits again!
 The dwarf lord thrusts his dagger.
 The dwarf lord hits!
 The dwarf lord thrusts his dagger.
 The dwarf lord misses!
 You hit the dwarf lord!
 The dwarf lord thrusts his dagger.
 The dwarf lord hits!
 The dwarf lord thrusts his dagger.
 The dwarf lord misses!
 You hit the dwarf lord!
 The dwarf lord thrusts his dagger.
 The dwarf lord hits!
 The dwarf lord thrusts his dagger.
 The dwarf lord hits again!
 You hit the dwarf lord!
 The dwarf lord thrusts his dagger.
 The dwarf lord hits!
 You die...
 Do you want your possessions identified? [ynq] (y)
 Do you want to see your attributes? [ynq] (y)

Inventory:
 Weapons  (')')
  H - 10 +0 darts
  b - 11 +0 daggers (alternate weapons; not wielded)
  a - a +1 spear (weapon in right hand)
  O - a +0 aklys
 Armor    ('[')
  c - an uncursed +3 small shield (being worn)
  A - an uncursed +0 studded leather armor (being worn)
 Comestibles  ('%')
  d - 2 uncursed food rations
  s - an uncursed lembas wafer
  I - 2 uncursed oranges
 Scrolls  ('?')
  p - a cursed scroll of identify
  G - an uncursed scroll of scare monster
 Potions  ('!')
  q - an uncursed potion of fruit juice
  h - an uncursed potion of gain energy
  C - 2 uncursed potions of healing
  m - an uncursed potion of invisibility
  i - an uncursed potion of oil
  B - an uncursed potion of sickness
  l - an uncursed potion of speed
 Rings    ('=')
  e - a cursed ring of teleportation
 Wands    ('/')
  N - a wand of fire (0:7)
 Tools    ('(')
  k - an uncursed credit card
  g - a cursed magic lamp
  j - an uncursed oil lamp
  x - a +0 pick-axe
 Gems/Stones  ('*')
  E - an uncursed emerald
  J - 2 uncursed jet stones
  w - an uncursed obsidian stone
  D - an uncursed worthless piece of black glass
  K - an uncursed worthless piece of green glass
  z - an uncursed worthless piece of red glass
  F - an uncursed worthless piece of violet glass
  y - 2 uncursed worthless pieces of yellow glass
  L - an uncursed worthless piece of yellowish brown glass

Japes the Valkyrie's attributes:

Background:
 You were a Fighter, a level 6 human Valkyrie.
 You were lawful, on a mission for Tyr
 who was opposed by Odin (neutral) and Loki (chaotic).
 You were right-handed.
 You were in the Gnomish Mines, on level 8.
 You entered the dungeon 2982 turns ago.
 You had 431 experience points, 209 more were needed to attain level 7.

Basics:
 You had 0 out of 66 hit points.
 You had all 15 energy points (spell power).
 Your armor class was 3.
 Your wallet was empty.
 Autopickup was on for '$' plus thrown.

Final Characteristics:
 Your strength was 18 (peak:18/01, limit:18/100).
 Your dexterity was 13 (limit:18).
 Your constitution was 18 (limit:18).
 Your intelligence was 7 (limit:18).
 Your wisdom was 9 (limit:18).
 Your charisma was 9 (limit:18).

Final Status:
 You weren't hungry.
 You were unencumbered.
 You were wielding a spear.
 You had basic skill with spear and could have enhanced that.

Final Attributes:
 You were piously aligned.
 You were cold resistant.
 You were telepathic.
 You were stealthy.
 You were warded.
 You are dead.

Miscellaneous:
 You encountered 1 bones level.
 Total elapsed playing time was 33 minutes and 53 seconds.

Major events:
 Turn
    1: Japes the lawful human Valkyrie entered the dungeon
  858: attained the rank of Skirmisher (level 3)
 2428: entered the Gnomish Mines
 2626: attained the rank of Fighter (level 6)
 2754: reached Mine Town
 2982: killed by a dwarf lord

You didn't know any spells.

Skills:
 Fighting Skills
   bare handed combat [Unskilled]
   two weapon combat  [Unskilled]
   riding             [Unskilled]
 Weapon Skills
   dagger             [Basic]
   axe                [Unskilled]
   pick-axe           [Unskilled]
   short sword        [Unskilled]
   broadsword         [Unskilled]
   long sword         [Unskilled]
   two-handed sword   [Unskilled]
   saber              [Unskilled]
   hammer             [Unskilled]
   quarterstaff       [Unskilled]
   polearms           [Unskilled]
   spear              [Basic]
   trident            [Unskilled]
   lance              [Unskilled]
   sling              [Unskilled]
 Spellcasting Skills
   attack spells      [Unskilled]
   escape spells      [Unskilled]

Voluntary challenges:
 Character rerolling was not enabled.
 You were illiterate.
 You never genocided any monsters.
 You never polymorphed an object.
 You never changed form.
 You used no wishes.
Achievements:
 You attained the rank of Skirmisher.
 You entered a shop.
 You entered the Gnomish Mines.
 You attained the rank of Fighter.
 You entered Minetown.

 The Dungeons of Doom: levels 1 to 4
    Level 1:
    Level 2:
    Level 3:
       A scroll shop, an altar to Tyr, many fountains.
    Level 4:
       Stairs down to The Gnomish Mines.
 The Gnomish Mines: levels 5 to 8
    Level 5:
    Level 6:
    Level 7:
    Level 8: <- You were here.
       A food shop, a fountain.
       Final resting place for
          you, killed by a dwarf lord,
          Corncycle-Rog-Hum-Mal-Cha, killed by a gnome lord.


Vanquished creatures:
  4 gnome leaders
  3 gnomish wizards
 an elf zombie
  2 giant ants
  3 little dogs
  2 floating eyes
  a kitten
  a homunculus
  a giant bat
  a dwarf zombie
  a wererat
 an iguana
  3 acid blobs
  a gas spore
  2 hobgoblins
  a cave spider
  a yellow mold
 14 gnomes
  2 gnome zombies
  a gecko
  5 jackals
  a kobold
  2 goblins
  a sewer rat
  3 grid bugs
  a bat
  4 lichens
  6 newts
69 creatures vanquished.

No species were genocided or became extinct.

Game over:
                       ----------
                      /          \
                     /    REST    \
                    /      IN      \
                   /     PEACE      \
                  /                  \
                  |      Japes       |
                  |       0 Au       |
                  |   killed by a    |
                  |    dwarf lord    |
                  |                  |
                  |                  |
                  |       2026       |
                 *|     *  *  *      | *
        _________)/\\_//(\/(/\)/\//\/|_)_______

Farvel Japes the Valkyrie...

You died in The Gnomish Mines on dungeon level 8 with 2084 points,
and 0 pieces of gold, after 2982 moves.
You were level 6 with a maximum of 66 hit points when you died.

